 Dungeon Crawl Stone Soup version 0.31-a0-1237-gabc64e778c (webtiles) character file.

Game seed: 10339278188454073017

5097 flord the Cleaver (level 10, -5/86 HPs)
             Began as a Minotaur Fighter on Dec 15, 2023.
             Was a Priest of Okawaru.
             Succumbed to Erica's bolt of poison
             ... on level 9 of the Dungeon.
             The game lasted 00:35:39 (8697 turns).

flord the Cleaver (Minotaur Fighter)                Turns: 8697, Time: 00:35:39

Health: -5/86      AC: 24    Str: 26    XL:     10   Next: 32%
Magic:  8/9        EV:  7    Int:  5    God:    Okawaru [***...]
Gold:   512        SH:  6    Dex:  9    Spells: 9/9 levels left

rFire   . . .        a - +0 war axe
rCold   . . .        c - +0 buckler
rNeg    . . .        g - +1 plate armour
rPois   .            j - +2 hat
rElec   +            e - +0 cloak
rCorr   .            f - +0 pair of gloves
SInv    .            (no boots)
Will    +....        l - amulet of the acrobat Stlth
                     q - +4 ring of protection
HPRegen 0.34/turn    (no ring)
MPRegen 0.11/turn

%: acrobat
@: lethally poisoned (-5 -> -29), slowed, invisible, very slow
A: horns 2, retaliatory headbutt, strong-willed 1, electricity resistance
a: Renounce Religion, Heroism


You were on level 9 of the Dungeon.
You worshipped Okawaru.
Okawaru was most pleased with you.
You visited 2 branches of the dungeon, and saw 10 of its levels.

You collected 512 gold pieces.

Inventory:

Hand Weapons
 a - a +0 war axe (weapon)
Missiles
 n - 2 boomerangs (quivered)
Armour
 c - a +0 buckler (worn)
 e - a +0 cloak (worn)
 f - a +0 pair of gloves (worn)
 g - a +1 plate armour (worn)
 h - an orb of wrath
 j - a +2 hat (worn)
Jewellery
 d - a ring of wizardry
 l - an amulet of the acrobat (around neck)
 m - an amulet of magic regeneration
 q - a +4 ring of protection (left hand)
Scrolls
 b - 8 scrolls of identify
 i - a scroll of fear
 k - a scroll of amnesia
Potions
 o - a potion of enlightenment


   Skills:
 * Level 7.3 Fighting
 - Level 10.9 Axes
 - Level 10.5 Armour
 - Level 10.0 Shields


You had 9 spell levels left.
You didn't know any spells.
Your spell library contained the following spells:

 Spells                   Type           Power      Damage    Failure   Level
 Foxfire                  Conj/Fire      0%         2x1d4     99%         1
 Slow                     Hex            0%         N/A       99%         1
 Confusing Touch          Hex            0%         N/A       100%        3
 Sigil of Binding         Hex            0%         N/A       100%        3
 Vampiric Draining        Necr           0%         2d6       100%        3
 Plasma Beam              Fire/Air       0%         2x1d10    100%        6
 Starburst                Conj/Fire      0%         6d3       100%        6


Dungeon Overview and Level Annotations

Branches:
Dungeon (9/15)             Temple (1/1) D:5            Lair (0/5) D:9
    Orc: D:9-12

Altars:
Cheibriados
Dithmenos
Elyvilon
Fedhas
Gozag
Hepliaklqana
Kikubaaqudgha
Makhleb
Nemelex Xobeh
Okawaru
Qazlal
Ru
Sif Muna
Trog
Uskayaw
Vehumet
Wu Jian
Xom
Yredelemnul
Zin
The Shining One

Shops:
D:4 [   D:5 *=([   D:6 !!=:=

Annotations:
D:7 2 transporters
D:8 Joseph
D:9 Erica


Innate Abilities, Weirdness & Mutations

You have a pair of horns on your head.
You reflexively headbutt those who attack you in melee.
You are strong-willed. (Will+)
You are resistant to electric shocks. (rElec)


Message History

The bolt of poison misses you.
You feel sick. Erica casts a spell at you.
You feel yourself slow down.
There is an open door here.
You miss Erica.
You feel sick.
Erica hits you with a +0 scimitar of flaming!
Erica burns you. Erica grabs you. Erica constricts you.
You barely miss Erica.
You feel sick. Erica hits you but does no damage. Erica constricts you.
You slash Erica!
Erica is moderately wounded.
You feel like a meek peon again.
You feel sick.
You are no longer poisoned.
Erica hits you with a +0 scimitar of flaming!
Erica burns you.
* * * LOW HITPOINT WARNING * * *
Erica constricts you.
You escape Erica's grasp.
You miss Erica.
Erica is moderately wounded.
Erica stares at you and mumbles some strange words.
The bolt of poison hits you!!
You are poisoned.
* * * LOW HITPOINT WARNING * * *
It was a potion of mutation.
You feel extremely strange.
You feel strong-willed.
You feel insulated.
* * * LOW HITPOINT WARNING * * *
You feel very sick.
Erica stares at you and mumbles some strange words.
The bolt of poison hits you.
You are more poisoned.
* * * LOW HITPOINT WARNING * * *
Erica casts a spell at you.
You feel as though you will be slow longer.
Okay, then.
Okay, then.
You fade into invisibility!
You die...

#...##########
##..$...# #..
..............
...^.?.# ##..
............. .$.....
#... ..........######
....$ ####
.........##....##..$.
........##......##..
.......##........#'#
........'........#.#
####
........'.......@#.#
#...
.########........x.#
#... .# ##......##.#
#### .# ##....###.#
.# ###### #.# ## #.#
#'# # #.# ...
#############.# ...
##### ......).......#
.. #....


You could see Erica (unable to see you).

Vanquished Creatures
  4 wyverns
  6 yaks
  Eustachio (D:6)
  A basilisk (D:8)
  2 orc warriors (D:9)
  3 black bears
  A water moccasin (D:7)
  2 sky beasts (D:6)
  2 ogres
  A phantom (D:5)
  2 centaurs
  3 kobold brigands
  4 bullfrogs
  A scorpion (D:4)
  4 jellies
  7 wights
  4 killer bees (D:9)
  2 howler monkeys
  3 hounds
  5 orc priests
  4 iguanas
  4 sleepcaps
  8 orc wizards
  6 gnolls
  8 adders
  2 ufetubi (D:6)
  2 dart slugs
  31 orcs
  7 endoplasms
  5 giant cockroaches
  7 goblins
  10 hobgoblins
  4 jackals
  5 quokkas
  8 ball pythons
  3 bats (D:1)
  4 frilled lizards
  19 kobolds
  5 rats
200 creatures vanquished.

Notes
Turn   | Place    | Note
-------+----------+-------------------------------------------
     0 | D:1      | flord the Minotaur Fighter began the quest for the Orb.
     0 | D:1      | Reached XP level 1. HP: 19/19 MP: 0/0
   123 | D:1      | Reached XP level 2. HP: 25/26 MP: 1/1
   434 | D:1      | Reached XP level 3. HP: 31/31 MP: 2/2
   726 | D:2      | Found a faded altar of an unknown god.
   762 | D:2      | Found a white marble altar of Elyvilon.
   851 | D:2      | Reached skill level 5 in Axes
   856 | D:2      | Reached XP level 4. HP: 39/39 MP: 3/3
  1434 | D:3      | Reached XP level 5. HP: 43/45 MP: 4/4
  1908 | D:4      | Reached XP level 6. HP: 17/51 MP: 5/5
  2118 | D:4      | Noticed a wyvern
  2699 | D:4      | Reached XP level 7. HP: 57/57 MP: 6/6
  2794 | D:4      | Found Nedon's Antique Armour Shoppe.
  2999 | D:5      | Entered Level 5 of the Dungeon
  3090 | D:5      | Found Bauxtuun's Armour Shop.
  3108 | D:5      | Reached skill level 10 in Axes
  3346 | D:5      | Found Sydinenou's Assorted Antiques.
  3357 | D:5      | Found Rokh's Weapon Shop.
  3378 | D:5      | Found a staircase to the Ecumenical Temple.
  3388 | Temple   | Entered the Ecumenical Temple
  3407 | Temple   | Became a worshipper of Warmaster Okawaru
  3634 | D:5      | Found a shimmering blue altar of Sif Muna.
  3689 | D:5      | Found Coocsosi's Jewellery Boutique.
  3746 | D:6      | Found Pesa's Jewellery Shop.
  3805 | D:6      | Found Qatapo Cuixt's Book Emporium.
  3836 | D:6      | You fall into a shaft and drop 3 floors!
  3927 | D:8      | Identified the +2 leather armour "Paejih" {+Blink}
  3969 | D:8      | Noticed Joseph
  4099 | D:9      | Noticed a wyvern
  4115 | D:9      | Killed a wyvern
  4116 | D:9      | Reached skill level 5 in Armour
  4116 | D:9      | Reached XP level 8. HP: 38/64 MP: 7/7
  4749 | D:6      | Found Xoeker's Jewellery Shop.
  4947 | D:7      | Found a transporter.
  4962 | D:7      | Found a transporter.
  5276 | D:6      | Reached * piety under Okawaru
  5345 | D:6      | Found Summisit's Distillery.
  5352 | D:6      | Noticed Eustachio
  5359 | D:6      | Killed Eustachio
  5413 | D:6      | Found Asakh's Distillery.
  5820 | D:6      | Reached ** piety under Okawaru
  5821 | D:6      | Reached skill level 10 in Armour
  5821 | D:6      | Reached XP level 9. HP: 62/70 MP: 8/8
  6860 | D:8      | Reached skill level 5 in Shields
  7566 | D:9      | Found a staircase to the Lair.
  7722 | D:9      | Reached *** piety under Okawaru
  7734 | D:9      | Reached skill level 10 in Shields
  7734 | D:9      | Reached XP level 10. HP: 72/77 MP: 9/9
  7987 | D:9      | Reached skill level 5 in Fighting
  8014 | D:9      | Noticed Erica
  8414 | D:9      | Reached **** piety under Okawaru
  8696 | D:9      | Gained mutation: You are strong-willed. (Will+) [potion of
                  | mutation]
  8696 | D:9      | Gained mutation: You are resistant to electric shocks.
                  | (rElec) [potion of mutation]
  8696 | D:9      | HP: 3/86 [poisoned by Erica (bolt of poison)]
  8697 | D:9      | Succumbed to Erica's bolt of poison

Illustrated notes

Levels and vault maps discovered:
D:1:      sevenhm_arrival_forest_fort_small_6, layout_basic
D:2:      layout_basic, basic_altar, chequers_ecumenical_altar_island
D:3:      layout_rooms
D:4:      minmay_angry_zag, layout_basic, serial_shops, shop
D:5:      layout_cave_pools, lemuel_blue_sif_altar,
          minmay_temple_entry_poolview, serial_shops, kennysheep_mini_moat,
          nicolae_shop_advertising_works [nicolae_subvault_shop_adworks], shop,
          nicolae_shop_pleasant_corner_grove
D:6:      layout_basic, serial_shops, nicolae_take_the_stairs, shop, shop, shop,
          shop, uniq_eustachio
D:7:      gammafunk_steamed_eel, layout_layer_cave,
          chequers_serial_rivers_large_b
D:8:      kennysheep_spiral_hall, layout_basic, uniq_joseph
D:9:      minmay_polygon_palace, layout_long_grid, david_lair_generic,
          uniq_erica
Temple:   nicolae_temple_slightly_damp_pantheon

Skill      XL: |  1  2  3  4  5  6  7  8  9 10 |
---------------+-------------------------------+-----
Axes           | 3 4 5 6 7 9 10 | 10.9
Armour         | 5 10 | 10.5
Shields        | 10 | 10.0
Fighting       | 7 |  7.3

Action                     |  1- 3 |  4- 6 |  7- 9 | 10-12 || total
---------------------------+-------+-------+-------+-------++-------
  Melee: War axe           |    84 |   128 |   286 |   115 ||   613
         Headbutt          |    12 |    22 |    55 |    24 ||   113
 Invoke: Heroism           |       |       |     1 |     1 ||     2
    Use: Scroll            |     3 |     2 |     7 |       ||    12
         Potion            |       |     2 |     9 |     2 ||    13
   Stab: Invisible         |       |       |     1 |       ||     1
 Armour: Scale mail        |    48 |       |       |       ||    48
         Plate armour      |    13 |   104 |   260 |    82 ||   459
  Dodge: Dodged            |    28 |    21 |   139 |    46 ||   234
  Block: Buckler           |    17 |    26 |    64 |    31 ||   138

Table legend: (Time is in decaauts)
 A = Elapsed time spent in this place.
 B = Non-inter-level travel time spent in this place.
 C = Inter-level travel time spent in this place.
 D = Time resting spent in this place.
 E = Time spent auto-exploring this place.
 F = Levels seen in this place.
 G = Mean time per level.
                   A        B        C        D        E       F      G
               +--------+--------+--------+--------+--------+-----+--------+
         Total |   8793 |   8519 |    274 |   2012 |   4076 |  10 |  879.3 |
       Dungeon |   8754 |   8480 |    274 |   2012 |   4076 |   9 |  972.7 |
        Temple |     38 |     38 |      0 |      0 |      0 |   1 |   38.0 |
               +--------+--------+--------+--------+--------+-----+--------+

Top non-repeatable levels by time:
     D:7: 1431 daAuts
     D:9: 1407 daAuts
     D:8: 1316 daAuts
     D:4: 1102 daAuts
     D:6: 838 daAuts
     D:5: 709 daAuts
     D:3: 702 daAuts
     D:2: 667 daAuts
     D:1: 579 daAuts
  Temple: 38 daAuts
